 Dungeon Crawl Stone Soup version 0.27.1-34-g3ba077fa99 (webtiles) character file.

Game seed: 7891153111508476966

10798 shadowrider38 the Nimble (level 11, -7/86 HPs)
             Began as a Gnoll Gladiator on Jan 6, 2022.
             Was an Initiate of Gozag.
             Mangled by an orc knight (16 damage)
             ... on level 9 of the Dungeon.
             The game lasted 00:35:23 (15950 turns).

shadowrider38 the Nimble (Gnoll Gladiator)         Turns: 15950, Time: 00:35:24

Health: -7/86      AC: 26    Str: 16    XL:     11   Next: 67%
Magic:  20/20      EV:  9    Int:  8    God:    Gozag
Gold:   505        SH:  6    Dex: 20    Spells: 23/23 levels left

rFire    . . .     SeeInvis .   a - +1 trident (protect)
rCold    . . .     Faith    .   G - +0 buckler
rNeg     . . .     Spirit   .   M - +0 plate armour
rPois    .         Reflect  .   Z - +2 helmet
rElec    .         Harm     .   S - scarf {shadows}
rCorr    .         Rampage  .   (no gloves)
Will     +....                  r - +2 pair of boots
Stlth    ..........             (no amulet)
HPRegen  0.24/turn              q - +6 ring of dexterity
MPRegen  0.17/turn              P - ring of willpower

@: under a protective aura
A: fangs 1, strong nose, distributed training
a: Renounce Religion, Potion Petition, Call Merchant, Bribe Branch


You were on level 9 of the Dungeon.
You worshipped Gozag.
Gozag was pleased with you.
You visited 2 branches of the dungeon, and saw 11 of its levels.
You also visited: Ossuary.

You collected 1685 gold pieces.
You paid 1180 gold pieces to Gozag.

Inventory:

Hand Weapons
 a - a +1 trident of protection (weapon)
 R - a +2 flail of holy wrath
Missiles
 h - 273 stones (quivered)
 l - 48 poisoned darts
 F - 10 boomerangs
 T - 2 silver boomerangs
Armour
 c - a +0 kite shield
 r - a +2 pair of boots (worn)
 G - a +0 buckler (worn)
 L - a +1 ring mail of willpower
 M - a +0 plate armour (worn)
 S - a scarf of shadows (worn)
 Z - a +2 helmet (worn)
Jewellery
 q - a +6 ring of dexterity (left hand)
 s - a ring of ice
 E - a +6 ring of dexterity
 P - a ring of willpower (right hand)
Wands
 t - a wand of polymorph (8)
 v - a wand of flame (34)
 Q - a wand of mindburst (14)
Scrolls
 b - 5 scrolls of teleportation
 f - a scroll of enchant weapon {unknown}
 g - a scroll of acquirement {unknown}
 j - 4 scrolls of fog
 m - 2 scrolls of magic mapping {unknown}
 w - 4 scrolls of noise {unknown}
 x - a scroll of torment {unknown}
 y - 4 scrolls of amnesia {unknown}
 B - 2 scrolls of blinking
 H - a scroll of enchant armour
 J - a scroll of vulnerability {unknown}
 K - a scroll of summoning {unknown}
 N - a scroll of fear
 O - 3 scrolls of silence {unknown}
 V - a scroll of holy word {unknown}
Potions
 e - a potion of attraction
 i - 2 potions of might
 k - 9 potions of curing {unknown}
 n - 5 potions of degeneration {unknown}
 o - 7 potions of ambrosia
 p - 3 potions of heal wounds
 u - a potion of mutation
 z - a potion of flight
 A - 3 potions of lignification {unknown}
 C - a potion of haste
 D - 2 potions of brilliance {unknown}
 I - a potion of invisibility {unknown}
 U - a potion of resistance {unknown}
 Y - a potion of magic {unknown}


   Skills:
 + Level 8.0 Fighting
 + Level 6.5 Short Blades
 + Level 6.5 Long Blades
 + Level 9.3 Axes
 + Level 6.5 Maces & Flails
 + Level 6.5 Polearms
 + Level 6.5 Staves
 + Level 6.5 Slings
 + Level 6.5 Bows
 + Level 6.5 Crossbows
 + Level 8.0 Throwing
 + Level 6.5 Armour
 + Level 9.3 Dodging
 + Level 6.5 Stealth
 + Level 6.5 Shields
 + Level 6.5 Unarmed Combat
 + Level 6.5 Spellcasting
 + Level 5.4 Conjurations
 + Level 5.4 Hexes
 + Level 5.4 Summonings
 + Level 5.4 Necromancy
 + Level 5.4 Translocations
 + Level 5.4 Transmutations
 + Level 5.4 Fire Magic
 + Level 5.4 Ice Magic
 + Level 5.4 Air Magic
 + Level 5.4 Earth Magic
 + Level 5.4 Poison Magic
 + Level 7.1 Invocations
 + Level 6.5 Evocations


You had 23 spell levels left.
You didn't know any spells.
Your spell library contained the following spells:

 Spells                   Type           Power      Damage    Failure   Level
 Beastly Appendage        Tmut           22%        N/A       71%         1
 Shock                    Conj/Air       44%        1d5       71%         1
 Ensorcelled Hibernation  Hex/Ice        22%        N/A       85%         2
 Wereblood                Tmut           11%        N/A       85%         2
 Ozocubu's Armour         Ice            11%        N/A       97%         3
 Spider Form              Tmut/Pois      5%         N/A       97%         3
 Swiftness                Air            11%        N/A       97%         3
 Airstrike                Air            5%         N/A       100%        4
 Passage of Golubria      Tloc           N/A        N/A       100%        4
 Metabolic Englaciation   Hex/Ice        5%         N/A       100%        5
 Silence                  Hex/Air        5%         N/A       100%        5
 Shadow Creatures         Summ           N/A        N/A       100%        6
 Simulacrum               Ice/Necr       5%         N/A       100%        6
 Lehudib's Crystal Spear  Conj/Erth      5%         10d3      100%        8


Dungeon Overview and Level Annotations

Branches:
Dungeon (10/15)            Temple (1/1) D:5             Orc (0/2) D:9
Ossuary (visited)
   Lair: D:8-11

Altars:
Ashenzari
Cheibriados
Dithmenos
Elyvilon
Fedhas
Gozag
Hepliaklqana
Kikubaaqudgha
Makhleb
Nemelex Xobeh
Okawaru
Qazlal
Ru
Sif Muna
Trog
Uskayaw
Vehumet
Wu Jian
Xom
Yredelemnul
Zin
The Shining One

Shops:
D:5 =   D:10 (


Innate Abilities, Weirdness & Mutations

You have very sharp teeth.
Your uncanny sense of smell can sniff out nearby items.
Your experience applies equally to all skills.


Message History

Okay, then.
Aiming: Throw Flame
Press: ? - help, Shift-Dir - straight line, f/p - orc knight
Aim: an orc knight, wielding a +0 battleaxe and wearing a +0 plate armour (almost dead, entangled in a net, 100% to hit)
The puff of flame hits the orc knight but does no damage.
The orc knight is almost dead.
The orc knight struggles against the net.
The net rips apart, and the orc knight comes free!
Aiming: Throw Flame
Press: ? - help, Shift-Dir - straight line, f/p - orc knight
Aim: an orc knight, wielding a +0 battleaxe and wearing a +0 plate armour (almost dead, 74% to hit)
The puff of flame hits the orc knight.
The orc knight is almost dead.
You are too injured to fight recklessly!
The orc knight hits you with a +0 battleaxe!
* * * LOW HITPOINT WARNING * * *
You hit the orc knight.
Your weapon exudes an aura of protection.
The orc knight is almost dead.
The orc knight misses you.
You hit the orc knight but do no damage.
The orc knight is almost dead.
You block the orc knight's attack.
You completely miss the orc knight.
You bite the orc knight, but do no damage.
The orc knight is almost dead.
The orc knight hits you but does no damage.
You closely miss the orc knight.
You bite the orc knight, but do no damage.
The orc knight is almost dead.
The orc knight barely misses you.
You closely miss the orc knight.
The orc knight is almost dead.
The orc knight hits you with a +0 battleaxe!
* * * LOW HITPOINT WARNING * * *
You closely miss the orc knight. Your bite misses the orc knight.
The orc knight is almost dead.
The orc knight hits you with a +0 battleaxe!
You die...
Your body crumbles into a pile of gold.

#.....########...#...#..# #
#................#...#..# #
#................#...#..## #
#.....)########..#...#...# #
#......#......#..#####>..# #
#......#......#..........# #
#......#......'..........### #
#......#......#............# #
###....#......#.@..........######
#....########.o...........[....
#..............(.....#######'##
#...#####.......(....#.........
#...# #........>...'.........
###...# #............#.........
#.....# #............##########
......#####...........(..........
#...(..............###...........


You could see an orc knight.

Vanquished Creatures
  4 two-headed ogres
  A cyclops (D:9)
  Maurice (D:8)
  5 trolls
  A queen bee (D:10)
  Sigmund (D:2)
  6 yaks (D:10)
  A wyvern (D:9)
  2 steam dragons
  Menkaure (D:7)
  3 water moccasins
  An ice beast (D:5)
  3 orc warriors
  A necrophage (D:4)
  3 centaurs
  3 kobold brigands
  2 bullfrogs
  11 scorpions
  A water moccasin zombie (D:6)
  7 wights
  25 killer bees (D:10)
  An electric eel (D:9)
  A bullfrog zombie (D:7)
  3 centaur zombies
  2 human zombies (Ossuary)
  2 jellies (D:4)
  4 hounds
  An orc priest (D:9)
  2 centaur skeletons
  2 bullfrog skeletons
  An iguana (D:4)
  Terence (D:2)
  3 scorpion zombies (Ossuary)
  3 orc wizards (D:7)
  A hound skeleton (D:4)
  4 mummies
  A howler monkey skeleton (D:5)
  10 adders
  4 gnolls (D:4)
  2 shadow imps (D:5)
  2 white imps
  An ufetubus (D:5)
  A worm (D:5)
  A dart slug (D:3)
  20 orcs
  4 bats
  8 endoplasms
  3 giant cockroaches
  A gnoll zombie (Ossuary)
  6 goblins
  5 hobgoblins
  9 jackals
  3 quokkas
  9 ball pythons
  3 frilled lizards
  2 goblin zombies (Ossuary)
  3 hobgoblin zombies (Ossuary)
  26 kobolds
  3 kobold zombies (Ossuary)
  2 orc zombies (Ossuary)
  3 rats
246 creatures vanquished.

Vanquished Creatures (others)
  A plant (D:9)
1 creature vanquished.

Grand Total: 247 creatures vanquished

Notes
Turn   | Place    | Note
-------+----------+-------------------------------------------
     0 | D:1      | shadowrider38 the Gnoll Gladiator began the quest for the
                  | Orb.
     0 | D:1      | Reached XP level 1. HP: 20/20 MP: 1/1
    52 | D:1      | Reached XP level 2. HP: 26/26 MP: 2/2
   805 | D:1      | Found a faded altar of an unknown god.
   993 | D:2      | Reached XP level 3. HP: 10/31 MP: 3/3
  1256 | D:2      | Reached skill level 1 in Short Blades
  1256 | D:2      | Reached skill level 1 in Long Blades
  1256 | D:2      | Reached skill level 1 in Maces & Flails
  1256 | D:2      | Reached skill level 1 in Polearms
  1256 | D:2      | Reached skill level 1 in Staves
  1256 | D:2      | Reached skill level 1 in Slings
  1256 | D:2      | Reached skill level 1 in Bows
  1256 | D:2      | Reached skill level 1 in Crossbows
  1256 | D:2      | Reached skill level 1 in Armour
  1256 | D:2      | Reached skill level 1 in Stealth
  1256 | D:2      | Reached skill level 1 in Shields
  1256 | D:2      | Reached skill level 1 in Unarmed Combat
  1256 | D:2      | Reached skill level 1 in Spellcasting
  1256 | D:2      | Reached skill level 1 in Invocations
  1256 | D:2      | Reached skill level 1 in Evocations
  1256 | D:2      | Reached XP level 4. HP: 37/38 MP: 3/5
  1348 | D:2      | Noticed Terence
  1377 | D:2      | Noticed Sigmund
  1384 | D:2      | Killed Sigmund
  1385 | D:2      | Reached skill level 1 in Conjurations
  1385 | D:2      | Reached skill level 1 in Hexes
  1385 | D:2      | Reached skill level 1 in Summonings
  1385 | D:2      | Reached skill level 1 in Necromancy
  1385 | D:2      | Reached skill level 1 in Translocations
  1385 | D:2      | Reached skill level 1 in Transmutations
  1385 | D:2      | Reached skill level 1 in Fire Magic
  1385 | D:2      | Reached skill level 1 in Ice Magic
  1385 | D:2      | Reached skill level 1 in Air Magic
  1385 | D:2      | Reached skill level 1 in Earth Magic
  1385 | D:2      | Reached skill level 1 in Poison Magic
  1385 | D:2      | Reached XP level 5. HP: 43/43 MP: 5/7
  1385 | D:2      | Reached XP level 6. HP: 50/50 MP: 5/8
  1992 | D:2      | Killed Terence
  2478 | D:3      | Reached skill level 5 in Fighting
  2478 | D:3      | Reached skill level 5 in Throwing
  3632 | D:4      | Noticed a necrophage
  3644 | D:4      | Killed a necrophage
  3645 | D:4      | Reached XP level 7. HP: 47/56 MP: 10/10
  4185 | D:5      | Entered Level 5 of the Dungeon
  4301 | D:5      | Found a sand-covered staircase.
  4312 | Ossuary  | Entered an ossuary
  4561 | Ossuary  | Reached XP level 8. HP: 56/63 MP: 12/12
  5737 | D:5      | Found a staircase to the Ecumenical Temple.
  5846 | Temple   | Entered the Ecumenical Temple
  6176 | Temple   | Became a worshipper of Gozag Ym Sagoz the Greedy
  6453 | D:5      | Found Batuqafo's Jewellery Boutique.
  6522 | D:6      | Reached XP level 9. HP: 63/69 MP: 14/14
  6590 | D:6      | Found a white marble altar of Elyvilon.
  8384 | D:7      | Noticed Menkaure
  8393 | D:7      | Killed Menkaure
  9224 | D:7      | Reached skill level 5 in Invocations
  9962 | D:8      | Noticed Maurice
  9985 | D:8      | Killed Maurice
  9986 | D:8      | Reached XP level 10. HP: 71/77 MP: 17/17
 10510 | D:9      | Reached skill level 5 in Short Blades
 10510 | D:9      | Reached skill level 5 in Long Blades
 10510 | D:9      | Reached skill level 5 in Maces & Flails
 10510 | D:9      | Reached skill level 5 in Polearms
 10510 | D:9      | Reached skill level 5 in Staves
 10510 | D:9      | Reached skill level 5 in Slings
 10510 | D:9      | Reached skill level 5 in Bows
 10510 | D:9      | Reached skill level 5 in Crossbows
 10510 | D:9      | Reached skill level 5 in Armour
 10510 | D:9      | Reached skill level 5 in Stealth
 10510 | D:9      | Reached skill level 5 in Shields
 10510 | D:9      | Reached skill level 5 in Unarmed Combat
 10510 | D:9      | Reached skill level 5 in Spellcasting
 10510 | D:9      | Reached skill level 5 in Evocations
 11121 | D:9      | Found a staircase to the Orcish Mines.
 11126 | D:9      | Noticed a two-headed ogre
 11180 | D:9      | Killed a two-headed ogre
 11873 | D:9      | Noticed a cyclops
 11891 | D:9      | Killed a cyclops
 12844 | D:10     | Entered Level 10 of the Dungeon
 13206 | D:10     | Reached XP level 11. HP: 68/84 MP: 19/19
 13435 | D:10     | Reached skill level 5 in Conjurations
 13435 | D:10     | Reached skill level 5 in Hexes
 13435 | D:10     | Reached skill level 5 in Summonings
 13435 | D:10     | Reached skill level 5 in Necromancy
 13435 | D:10     | Reached skill level 5 in Translocations
 13435 | D:10     | Reached skill level 5 in Transmutations
 13435 | D:10     | Reached skill level 5 in Fire Magic
 13435 | D:10     | Reached skill level 5 in Ice Magic
 13435 | D:10     | Reached skill level 5 in Air Magic
 13435 | D:10     | Reached skill level 5 in Earth Magic
 13435 | D:10     | Reached skill level 5 in Poison Magic
 13700 | D:10     | Found Panoisa's Antique Weapon Emporium.
 13728 | D:10     | Noticed a two-headed ogre
 13741 | D:10     | Killed a two-headed ogre
 14076 | D:10     | Noticed a two-headed ogre
 14101 | D:10     | Killed a two-headed ogre
 14816 | D:10     | HP: 2/86 [yak (9)]
 15362 | D:10     | Noticed a two-headed ogre
 15363 | D:10     | Noticed an orc knight
 15609 | D:10     | Killed a two-headed ogre
 15929 | D:9      | HP: 1/86 [orc knight (19)]
 15950 | D:9      | Mangled by an orc knight

Illustrated notes

Levels and vault maps discovered:
D:1:      dpeg_arrival_tiny_k, layout_loops_ring,
          shapermc_ecumenical_altar_petra
D:2:      layout_loops_ring, st_stairs_9, dk_vineyard_2, uniq_sigmund,
          uniq_terence
D:3:      layout_basic
D:4:      layout_loops_cross, serial_bayou_lagoon_a, kennysheep_generic_room_11
D:5:      layout_rooms, minmay_temple_entry_statues_pillars,
          gup_ossuary_entry_pyramid, serial_shops, kennysheep_mini,
          guppyfry_early_lair_pool
D:6:      layout_basic, overflow_temple_1_default, minmay_misc_feat_rows
D:7:      layout_cave_pods, chequers_jeans, amcnicky_mini_corridor_feature,
          minmay_misc_feat_square, uniq_menkaure
D:8:      layout_layer_cave, uniq_maurice
D:9:      layout_irregular_city, orc_0_dummy, serial_bayou_pond_e,
          lightli_minifort
D:10:     layout_roguey [special_room_bee], serial_shops, shop, enter_bailey_3,
          hangedman_decor_lopped, grunt_tough_drop
Temple:   compressed_dpeg_triangle_lava_temple

Skill      XL: |  1  2  3  4  5  6  7  8  9 10 11 |
---------------+----------------------------------+-----
Short Blades   | 1 2 3 4 5 6 |  6.5
Long Blades    | 1 2 3 4 5 6 |  6.5
Maces & Flails | 1 2 3 4 5 6 |  6.5
Polearms       | 1 2 3 4 5 6 |  6.5
Staves         | 1 2 3 4 5 6 |  6.5
Slings         | 1 2 3 4 5 6 |  6.5
Bows           | 1 2 3 4 5 6 |  6.5
Crossbows      | 1 2 3 4 5 6 |  6.5
Armour         | 1 2 3 4 5 6 |  6.5
Stealth        | 1 2 3 4 5 6 |  6.5
Shields        | 1 2 3 4 5 6 |  6.5
Unarmed Combat | 1 2 3 4 5 6 |  6.5
Spellcasting   | 1 2 3 4 5 6 |  6.5
Invocations    | 1 2 3 4 5 6 7 |  7.1
Evocations     | 1 2 3 4 5 6 |  6.5
Conjurations   | 1 2 3 4 5 |  5.4
Hexes          | 1 2 3 4 5 |  5.4
Summonings     | 1 2 3 4 5 |  5.4
Necromancy     | 1 2 3 4 5 |  5.4
Translocations | 1 2 3 4 5 |  5.4
Transmutations | 1 2 3 4 5 |  5.4
Fire Magic     | 1 2 3 4 5 |  5.4
Ice Magic      | 1 2 3 4 5 |  5.4
Air Magic      | 1 2 3 4 5 |  5.4
Earth Magic    | 1 2 3 4 5 |  5.4
Poison Magic   | 1 2 3 4 5 |  5.4
Fighting       | 5 6 7 8 |  8.0
Throwing       | 5 6 7 8 |  8.0
Axes           | 7 8 9 |  9.3
Dodging        | 7 8 9 |  9.3

Action                   |  1- 3 |  4- 6 |  7- 9 | 10-12 || total
-------------------------+-------+-------+-------+-------++-------
Melee: War axe           |    57 |    29 |       |       ||    86
       Bite              |     3 |    17 |    93 |    81 ||   194
       Trident           |       |   116 |   561 |   469 ||  1146
       Punch             |       |       |     3 |       ||     3
       Flail             |       |       |       |    31 ||    31
Throw: Dart              |       |     7 |    18 |    14 ||    39
       Stone             |       |       |    16 |     3 ||    19
       Boomerang         |       |       |     9 |    23 ||    32
       Throwing net      |       |       |       |     5 ||     5
Invok: Potion Petition   |       |       |       |     2 ||     2
Evoke: Wand              |       |       |       |     5 ||     5
  Use: Scroll            |       |       |     7 |     6 ||    13
       Potion            |       |       |     1 |     1 ||     2
 Stab: Sleeping          |       |     2 |       |       ||     2
       Distracted        |       |       |       |     5 ||     5
       Held in net/web   |       |       |       |     5 ||     5
Armor: Leather armour    |    11 |    14 |       |       ||    25
       Chain mail        |       |    51 |   296 |       ||   347
       Plate armour      |       |       |    13 |   290 ||   303
Dodge: Dodged            |    37 |    58 |   219 |   203 ||   517
Block: Buckler           |       |       |    66 |   203 ||   269
